 Dungeon Crawl Stone Soup version 0.31-a0-1009-g454b1f1e0a (webtiles) character file.

Game seed: 3814657410231137012

35 Chiseanne the Grasshopper (level 3, -1/18 HPs)
             Began as a Spriggan Warper on Nov 14, 2023.
             Slain by a goblin
             ... wielding a +0 club
             ... led by Robin
              (6 damage)
             ... on level 2 of the Dungeon.
             The game lasted 00:05:21 (1336 turns).

Chiseanne the Grasshopper (Spriggan Warper)         Turns: 1336, Time: 00:05:21

Health: -1/18      AC:  4    Str:  9    XL:     3   Next: 17%
Magic:  8/8        EV: 18    Int: 14    God:
Gold:   56         SH:  0    Dex: 14    Spells: 6/8 levels left

rFire   . . .        a - +0 short sword
rCold   . . .        (no shield)
rNeg    . . .        b - +0 robe
rPois   .            (helmet restricted)
rElec   .            h - +1 cloak
rCorr   .            (gloves unavailable)
SInv    +            (boots unavailable)
Will    .....        (no amulet)
Stlth   ++           (no ring)
HPRegen 0.23/turn    (no ring)
MPRegen 0.11/turn

%: no passive effects
@: very quick
A: very small, no large weapons, unfitting armour, see invisible, speed 3
a: no special abilities


You were on level 2 of the Dungeon.
You visited 1 branch of the dungeon, and saw 2 of its levels.

You collected 56 gold pieces.

Inventory:

Hand Weapons
 a - a +0 short sword (weapon)
Missiles
 d - 7 darts of dispersal
 g - 19 stones (quivered)
 j - 2 poisoned darts
Armour
 b - a +0 robe (worn)
 h - a +1 cloak (worn)
Scrolls
 c - 2 scrolls of blinking
 f - 2 scrolls of identify
 i - a scroll of enchant armour
Potions
 e - a potion of mutation
 k - 2 potions of haste {unknown}


   Skills:
 * Level 1.9 Fighting
 - Level 2.1 Short Blades
 - Level 1.0 Throwing
 * Level 3.6 Dodging
 * Level 1.9 Stealth
 * Level 3.1 Spellcasting
 * Level 4.8 Translocations


You had 6 spell levels left.
You knew the following spells:

 Your Spells              Type           Power      Damage    Failure   Level
a - Blink                 Tloc           30%        N/A       4%          2

Your spell library contained the following spells:

 Spells                   Type           Power      Damage    Failure   Level
 Apportation              Tloc           30%        N/A       3%          1
 Lesser Beckoning         Tloc           30%        N/A       4%          2
 Gell's Gravitas          Tloc           15%        N/A       9%          3
 Teleport Other           Tloc           15%        N/A       9%          3
 Manifold Assault         Tloc           15%        N/A       28%         4
 Jinxbite                 Hex            4%         N/A       32%         2
 Vhi's Electric Charge    Tloc/Air       18%        N/A       61%         4
 Alistair's Intoxication  Tmut/Pois      1%         N/A       99%         5


Dungeon Overview and Level Annotations

Branches:
Dungeon (2/15)

Altars:

Annotations:
D:2 Robin


Innate Abilities, Weirdness & Mutations

You are very small and have problems with some larger weapons.
You are too small for most types of armour.
You have supernaturally acute eyesight. (SInv)
You cover ground extremely quickly. (Speed+++)


Message History

Robin roars a battlecry!
The goblin goes into a battle-frenzy!
You hear a shout!
You hit the giant cockroach but do no damage.
The giant cockroach is almost dead.
The giant cockroach completely misses you.
The hobgoblin misses you. The goblin hits you but does no damage.
You barely miss the giant cockroach.
The giant cockroach is almost dead.
The giant cockroach closely misses you. The hobgoblin completely misses you.
The goblin closely misses you. The goblin hits you with a +0 dagger.
You barely miss the giant cockroach.
The giant cockroach is almost dead.
The giant cockroach bites you.
Robin hits you from afar with a +1 trident of protection!
Ouch! That really hurt!
The hobgoblin barely misses you.
The goblin hits you but does no damage. x2
You hit the giant cockroach but do no damage.
The giant cockroach is almost dead.
The giant cockroach closely misses you.
Robin roars a battlecry!
The goblins go into a battle-frenzy!
The hobgoblin hits you.
* * * LOW HITPOINT WARNING * * *
You hit the giant cockroach.
You kill the giant cockroach!
The goblin barely misses you. The goblin closely misses you.
Robin throws the goblin at you! The goblin barely misses you.
The hobgoblin attacks as it pursues you!
The hobgoblin misses you. Robin throws the goblin at you!
You barely miss the goblin. The goblin closely misses you.
The goblin hits you but does no damage.
Found a scroll of blinking.
Robin throws the goblin at you! The goblin attacks as it pursues you!
The goblin misses you.
You closely miss the goblin. The goblin barely misses you. x2
The goblin hits you with a +0 club.
You die...

# #.
#.#######
...#?..##
#......##
#.......#
#.......#
#..g@...#
##.....##
##.gg.)##
#...g...# .
#.g.g...#
.#
##.......#
# .#
##.g.....##
.####.#
##...#...##
.g.#..#
##.....####


You could see Robin, a hobgoblin (strong) and 5 goblins.

Vanquished Creatures
  2 ball pythons (D:2)
  An endoplasm (D:1)
  2 giant cockroaches
  8 goblins
  2 hobgoblins (D:1)
  3 jackals (D:1)
  3 quokkas (D:1)
  A bat (D:1)
  2 frilled lizards (D:1)
  4 kobolds
  2 rats (D:1)
30 creatures vanquished.

Notes
Turn   | Place    | Note
-------+----------+-------------------------------------------
     0 | D:1      | Chiseanne the Spriggan Warper began the quest for the Orb.
     0 | D:1      | Reached XP level 1. HP: 10/10 MP: 5/5
   137 | D:1      | Found a faded altar of an unknown god.
   145 | D:1      | Reached skill level 1 in Stealth
   145 | D:1      | Reached XP level 2. HP: 15/15 MP: 6/6
   415 | D:1      | Learned a level 2 spell: Blink
  1000 | D:2      | Noticed Robin
  1033 | D:2      | Reached XP level 3. HP: 15/18 MP: 8/8
  1281 | D:2      | Chiseanne: you are disgusting without end
  1336 | D:2      | Slain by a goblin

Illustrated notes

Levels and vault maps discovered:
D:1:      mushboom_english_gardens, layout_basic, basic_ecumenical_altar,
          hex_intersection
D:2:      layout_rooms, dk_vineyard_3, serial_park_tiny_2, uniq_robin

Skill      XL: |  1  2 |
---------------+-------+-----
Stealth        | 1 |  1.9
Spellcasting   | 3 |  3.1
Fighting       | |  1.9
Short Blades   | |  2.1
Throwing       | |  1.0
Dodging        | |  3.6
Translocations | |  4.8

Action                     || total
---------------------------++-------
  Melee: Short sword       ||   164
         Punch             ||     1
  Throw: Stone             ||     4
         Dart              ||     2
    Use: Scroll            ||     2
   Stab: Sleeping          ||     3
 Armour: Robe              ||    57
  Dodge: Dodged            ||   122

Table legend: (Time is in decaauts)
 A = Elapsed time spent in this place.
 B = Non-inter-level travel time spent in this place.
 C = Inter-level travel time spent in this place.
 D = Time resting spent in this place.
 E = Time spent auto-exploring this place.
 F = Levels seen in this place.
 G = Mean time per level.
                   A        B        C        D        E       F      G
               +--------+--------+--------+--------+--------+-----+--------+
         Total |   1009 |   1001 |      8 |    289 |    280 |   2 |  504.5 |
       Dungeon |   1009 |   1001 |      8 |    289 |    280 |   2 |  504.5 |
               +--------+--------+--------+--------+--------+-----+--------+

Top non-repeatable levels by time:
     D:1: 835 daAuts
     D:2: 174 daAuts
